 Dungeon Sprint DCSS version 0.29.1-4-g47bece8355 (webtiles) character file.

Game seed: 12744496114270291310

4900000 sanboga the Blinker (level 14, -96/72 HPs)
             Began as a Felid Transmuter on Dec 9, 2022.
             Was a High Priest of Makhleb.
             Annihilated by a destroyer
             ... wielding a +9 vorpal great sword
              (168 damage)
             ... in the Dungeon (Sprint VIII: "Arena of Blood").
             The game lasted 00:01:39 (49 turns).

sanboga the Blinker (Felid Transmuter)                Turns: 49, Time: 00:01:39

Health: -96/72     AC:  3    Str:  2 (6)  XL:     14   Next: 53%
Magic:  32/32      EV: 37    Int: 15      God:    Makhleb [*****.]
Gold:   0          SH:  0    Dex: 24      Spells: 38/39 levels left
                                        Lives:  0   Deaths: 5

rFire   . . .      SeeInvis +     - Unarmed
rCold   + . .      Faith    .   (shield unavailable)
rNeg    . . .      Spirit   .   (body armour unavailable)
rPois   .          Reflect  .   (helmet unavailable)
rElec   .          Harm     .   (cloak unavailable)
rCorr   .          Rampage  .   (gloves unavailable)
Will    ++...      NoTele   +   (boots unavailable)
Stlth   ++++++++..              (no amulet)
HPRegen 0.22/turn               h - +27000 ring of slaying
MPRegen 0.23/turn               (no ring)

@: quick
A: very small, claws 1, fangs 3, see invisible, speed 1, shaggy fur 3, stealthy
paws, no weapons or thrown items, no armour, multi-lived
a: Renounce Religion, Minor Destruction, Lesser Servant of Makhleb, Major
Destruction, Greater Servant of Makhleb


You were in the Dungeon.
You worshipped Makhleb.
Makhleb was extremely pleased with you.
You visited 1 branch

Inventory:

Jewellery
 h - a +27000 ring of slaying (left paw)
Scrolls
 g - a scroll of blinking
Potions
 a - a potion of lignification
 b - a potion of curing
 c - a potion of heal wounds
 d - a potion of haste
 e - 2 potions of magic
 f - a potion of berserk rage


   Skills:
 + Level 14.3 Fighting
 + Level 18.5 Dodging
 + Level 20.0 Stealth
 + Level 14.6 Unarmed Combat
 + Level 13.4 Spellcasting
 + Level 13.4 Conjurations
 + Level 19.8 Hexes
 + Level 14.4 Summonings
 + Level 14.4 Necromancy
 + Level 20.0 Translocations
 + Level 15.9 Transmutations
 + Level 13.4 Fire Magic
 + Level 13.3 Ice Magic
 + Level 13.4 Air Magic
 + Level 13.3 Earth Magic
 + Level 13.2 Poison Magic
 + Level 14.4 Invocations
 + Level 15.6 Evocations


You had 38 spell levels left.
You knew the following spells:

 Your Spells              Type           Power      Damage    Failure   Level
a - Beastly Appendage     Tmut           100%       N/A       0%          1

Your spell library contained the following spells:

 Spells                   Type           Power      Damage    Failure   Level
 Wereblood                Tmut           55%        N/A       0%          2
 Spider Form              Tmut/Pois      52%        N/A       1%          3
 Ice Form                 Ice/Tmut       52%        N/A       1%          4


Dungeon Overview and Level Annotations

Branches:
Dungeon (1/1)

Altars:
Makhleb


Innate Abilities, Weirdness & Mutations

You have sharp claws.
You have razor-sharp teeth.
You have supernaturally acute eyesight. (SInv)
You cover ground quickly. (Speed+)
Your thick and shaggy fur keeps you warm. (AC +3, rC+)
Your paws help you pounce on unaware monsters.
You are incapable of wielding weapons or throwing items.
You cannot wear armour.
You gain extra lives every three experience levels.


Message History

You hear a shout! x4
You eviscerate the bag of meat!!!!!!!!!!!!
You kill the bag of meat!
Makhleb accepts your kill.
The accursed appears out of thin air!
An accursed comes into view.
You hear a shout! x5
The bag of meat is engulfed in blazing flames.
You hear a shout!
The destroyer casts a spell at you.
The destroyer blinks!
You hear a shout!
Your Stealth skill increases to level 20!
Your Translocations skill increases to level 20!
A bag of meat, 2 meat berserkers and a destroyer come into view.
The destroyer is wielding a +9 vorpal great sword.
The meat berserker shouts! x2; You hear a shout! x5
A bag of meat comes into view. It is wielding a +9 war axe.
A large bag of meat comes into view. It is wielding a +9 giant spiked club.
You hear a shout! x2
The destroyer gestures at you while chanting.
The destroyer blinks!
You hear a shout!
The bag of meat shouts!
You eviscerate the accursed!!!!!!!!!!!!
You destroy the accursed!
Makhleb accepts your kill.
You feel extremely nervous for a moment...
You are engulfed in negative energy!
You feel weakened.
You hear a shout! x5
The meat berserker rages.
A bag of meat comes into view. It is wielding a +9 war axe. x2
You hear a shout! x3
The destroyer points at you and mumbles some strange words.
The destroyer blinks!
You hear a shout! x3
The destroyer hits you with a +9 vorpal great sword!!!!!
Ouch! That really hurt!
You die...

#.oo..............#....
O#o....D...§....##.....
#O....#........#..... o
o.............#...###oo
...##.#..........O.O.o
....o.....§..†z.....O.
.####zO..#...o)####.O.§.
....§oo..°.....o.#O.....
#...§§o..°o☼.oo.@.....#
####..o.☼)○○.ooV.V.####
#################


You could see 2 destroyers, a large bag of meat (inner flame), 3 meat berserkers
and 11 bags of meat.

Vanquished Creatures
  A royal mummy (D)
  A vampire knight (D)
  4 ogres (D)
  3 two-headed ogres (D)
  9 orcs (D)
18 creatures vanquished.

Notes
Turn   | Place    | Note
-------+----------+-------------------------------------------
     0 | D        | sanboga the Felid Transmuter began the quest for the Orb.
     0 | D        | Reached XP level 1. HP: 9/9 MP: 4/4
     2 | D        | Noticed a bag of meat
     3 | D        | Noticed a bag of meat
     4 | D        | Became a worshipper of Makhleb the Destroyer
     4 | D        | Noticed a bag of meat
     6 | D        | Noticed a bag of meat
     7 | D        | Noticed a bag of meat
     7 | D        | Noticed a meat berserker
     7 | D        | Noticed a bag of meat
     7 | D        | Noticed a bag of meat
     7 | D        | Noticed a bag of meat
     8 | D        | Killed a bag of meat
     8 | D        | Noticed a bag of meat
     9 | D        | Reached skill level 5 in Fighting
     9 | D        | Reached skill level 5 in Spellcasting
     9 | D        | Reached skill level 5 in Conjurations
     9 | D        | Reached skill level 5 in Necromancy
     9 | D        | Reached skill level 5 in Fire Magic
     9 | D        | Reached skill level 5 in Ice Magic
     9 | D        | Reached skill level 5 in Air Magic
     9 | D        | Reached skill level 5 in Earth Magic
     9 | D        | Reached skill level 5 in Poison Magic
     9 | D        | Reached XP level 2. HP: 16/16 MP: 4/9
     9 | D        | Reached XP level 3. HP: 20/20 MP: 4/11
     9 | D        | Reached XP level 4. HP: 24/24 MP: 4/12
     9 | D        | Reached XP level 5. HP: 27/27 MP: 4/14
     9 | D        | Gained mutation: You are covered in thick fur. (AC +2)
                  | [Felid growth]
     9 | D        | Reached XP level 6. HP: 31/31 MP: 4/15
     9 | D        | Reached XP level 7. HP: 34/34 MP: 4/16
     9 | D        | Reached XP level 8. HP: 38/38 MP: 4/17
     9 | D        | Reached XP level 9. HP: 41/41 MP: 4/18
     9 | D        | Reached XP level 10. HP: 45/45 MP: 4/19
     9 | D        | Noticed a bag of meat
     9 | D        | Noticed a bag of meat
     9 | D        | Noticed a bag of meat
     9 | D        | Noticed a bag of meat
    10 | D        | Killed a bag of meat
    10 | D        | Reached * piety under Makhleb
    10 | D        | Annihilated by a meat berserker
    11 | D        | Reached XP level 9. HP: -41/41 MP: 4/18
    11 | D        | Reached skill level 10 in Dodging
    11 | D        | Reached skill level 10 in Stealth
    11 | D        | Reached skill level 10 in Hexes
    11 | D        | Reached skill level 10 in Translocations
    11 | D        | Reached XP level 10. HP: 47/47 MP: 18/21
    11 | D        | Reached XP level 11. HP: 50/50 MP: 18/22
    11 | D        | Noticed a bag of meat
    11 | D        | Noticed a bag of meat
    12 | D        | Noticed a meat berserker
    13 | D        | Noticed a bag of meat
    13 | D        | Noticed a bag of meat
    13 | D        | Noticed a bag of meat
    14 | D        | Noticed a meat berserker
    14 | D        | Noticed a bag of meat
    14 | D        | Noticed a bag of meat
    14 | D        | Noticed a bag of meat
    15 | D        | Killed a bag of meat
    15 | D        | Noticed a bag of meat
    16 | D        | Gained mutation: Your thick and shaggy fur keeps you warm.
                  | (AC +3, rC+) [Felid growth]
    16 | D        | Reached XP level 12. HP: 55/55 MP: 19/24
    16 | D        | Noticed a bag of meat
    16 | D        | Noticed a meat berserker
    16 | D        | Noticed a meat berserker
    16 | D        | Noticed a bag of meat
    17 | D        | Noticed a bag of meat
    17 | D        | Noticed a bag of meat
    17 | D        | Noticed a bag of meat
    17 | D        | Noticed a bag of meat
    18 | D        | Noticed a bag of meat
    18 | D        | Noticed a meat berserker
    18 | D        | Noticed a bag of meat
    19 | D        | Noticed a large bag of meat
    19 | D        | Noticed a meat berserker
    20 | D        | Killed a bag of meat
    20 | D        | Noticed a large bag of meat
    20 | D        | Noticed a bag of meat
    20 | D        | Noticed a bag of meat
    20 | D        | Noticed a bag of meat
    20 | D        | Noticed a bag of meat
    20 | D        | Noticed a bag of meat
    20 | D        | Noticed a bag of meat
    21 | D        | Noticed a meat berserker
    21 | D        | Killed a meat berserker
    21 | D        | Reached ** piety under Makhleb
    21 | D        | Noticed a bag of meat
    21 | D        | Demolished by a bag of meat
    21 | D        | Noticed a bag of meat
    21 | D        | Noticed a bag of meat
    22 | D        | Reached XP level 11. HP: -21/51 MP: 19/24
    22 | D        | Reached skill level 10 in Transmutations
    22 | D        | Reached skill level 10 in Evocations
    22 | D        | Reached XP level 12. HP: 57/57 MP: 25/25
    22 | D        | Reached XP level 13. HP: 60/60 MP: 26/26
    22 | D        | Noticed a bag of meat
    23 | D        | Noticed a bag of meat
    24 | D        | Noticed a bag of meat
    24 | D        | Noticed a bag of meat
    24 | D        | Noticed a bag of meat
    24 | D        | Noticed a large bag of meat
    25 | D        | Noticed a bag of meat
    26 | D        | Noticed a bag of meat
    26 | D        | Noticed a meat berserker
    27 | D        | Noticed a large bag of meat
    27 | D        | Noticed a bag of meat
    27 | D        | Noticed a destroyer
    29 | D        | Killed a bag of meat
    30 | D        | Reached skill level 10 in Unarmed Combat
    30 | D        | Reached skill level 10 in Summonings
    30 | D        | Killed a large bag of meat
    31 | D        | Reached skill level 10 in Fighting
    31 | D        | Reached skill level 10 in Necromancy
    31 | D        | Reached skill level 10 in Invocations
    31 | D        | Reached XP level 14. HP: 11/66 MP: 28/28
    31 | D        | Killed a meat berserker
    31 | D        | Reached *** piety under Makhleb
    32 | D        | Reached skill level 15 in Stealth
    32 | D        | Reached skill level 10 in Spellcasting
    32 | D        | Reached skill level 10 in Conjurations
    32 | D        | Reached skill level 15 in Hexes
    32 | D        | Reached skill level 15 in Translocations
    32 | D        | Reached skill level 10 in Fire Magic
    32 | D        | Reached skill level 10 in Ice Magic
    32 | D        | Reached skill level 10 in Air Magic
    32 | D        | Reached skill level 10 in Earth Magic
    32 | D        | Reached skill level 10 in Poison Magic
    32 | D        | Killed a large bag of meat
    33 | D        | Reached skill level 15 in Dodging
    33 | D        | Reached XP level 15. HP: 29/71 MP: 28/30
    33 | D        | Killed a destroyer
    33 | D        | Noticed a destroyer
    34 | D        | Killed a meat berserker
    34 | D        | Reached **** piety under Makhleb
    34 | D        | Demolished by a bag of meat
    35 | D        | Reached XP level 14. HP: -17/69 MP: 28/30
    35 | D        | Reached XP level 15. HP: 73/73 MP: 31/31
    36 | D        | Killed a meat berserker
    38 | D        | Noticed a sculptor of flesh
    38 | D        | Noticed a destroyer
    39 | D        | Reached skill level 15 in Transmutations
    39 | D        | Reached ***** piety under Makhleb
    40 | D        | Reached skill level 15 in Evocations
    40 | D        | Reached XP level 16. HP: 27/79 MP: 33/33
    40 | D        | Killed a large bag of meat
    40 | D        | Engulfed by a cloud of flame
    41 | D        | Reached XP level 15. HP: -5/75 MP: 32/32
    41 | D        | Noticed a sculptor of flesh
    43 | D        | Noticed an eight-headed meat hydra
    44 | D        | Noticed a meat berserker
    44 | D        | Noticed a meat berserker
    45 | D        | Noticed a meat berserker
    45 | D        | Noticed an accursed
    45 | D        | Annihilated by a sculptor of flesh
    46 | D        | Reached XP level 14. HP: -85/72 MP: 32/32
    47 | D        | Killed a bag of meat
    48 | D        | Noticed an accursed
    48 | D        | Noticed a meat berserker
    48 | D        | Noticed a bag of meat
    48 | D        | Noticed a meat berserker
    48 | D        | Noticed a destroyer
    48 | D        | Noticed a bag of meat
    48 | D        | Noticed a large bag of meat
    49 | D        | Killed an accursed
    49 | D        | Noticed a bag of meat
    49 | D        | Noticed a bag of meat
    49 | D        | Annihilated by a destroyer

Illustrated notes

Levels and vault maps discovered:
D:        meatsprint

Skill      XL: |  1  2  3  4  5  6  7  8  9 10 11 12 13 14 15 |
---------------+----------------------------------------------+-----
Fighting       | 5 7 9 8 10 11 14 | 14.3
Dodging        | 8 10 12 11 13 15 18 | 18.5
Stealth        | 9 10 13 12 14 20 19 | 20.0
Unarmed Combat | 6 7 8 9 10 13 14 | 14.6
Spellcasting   | 5 6 7 8 9 10 13 | 13.4
Conjurations   | 5 6 8 9 10 13 | 13.4
Hexes          | 8 10 13 14 16 19 | 19.8
Summonings     | 6 7 9 10 11 14 | 14.4
Necromancy     | 5 6 9 8 10 11 14 | 14.4
Translocations | 9 10 13 12 14 20 19 | 20.0
Transmutations | 7 8 10 11 14 15 | 15.9
Fire Magic     | 5 6 8 9 10 13 | 13.4
Ice Magic      | 5 6 8 9 10 13 | 13.3
Air Magic      | 5 6 8 9 10 13 | 13.4
Earth Magic    | 5 6 8 9 10 13 | 13.3
Poison Magic   | 5 6 8 9 10 13 | 13.2
Invocations    | 6 7 9 8 10 11 14 | 14.4
Evocations     | 6 7 10 9 11 12 15 | 15.6

Action                   |  1- 3 |  4- 6 |  7- 9 | 10-12 | 13-15 | 16-18 || total
-------------------------+-------+-------+-------+-------+-------+-------++-------
Melee: Unarmed           |     1 |       |       |     4 |    12 |     1 ||    18
       Punch             |       |       |       |       |     1 |       ||     1
Dodge: Dodged            |       |       |       |       |     1 |     1 ||     2
